 Dungeon Crawl Stone Soup version 0.29.0-4-gdea44cf6ec (webtiles) character file.

Game seed: 1487137900777543864

95 qw the Sneak (level 4, 0/28 HPs)
             Began as a Gargoyle Delver on Sept 10, 2022.
             Slain by a gnoll
             ... wielding a +0 club
             ... led by a gnoll sergeant
              (2 damage)
             ... on level 5 of the Dungeon.
             The game lasted 00:00:01 (27 turns).

qw the Sneak (Gargoyle Delver)                        Turns: 27, Time: 00:00:02

Health: 0/28       AC:  6    Str: 17    XL:     4   Next: 66%
Magic:  4/4        EV: 11    Int: 11    God:
Gold:   0          SH:  0    Dex: 11    Spells: 3/3 levels left

rFire   . . .      SeeInvis .   a - +0 hand axe
rCold   . . .      Faith    .   (no shield)
rNeg    + . .      Spirit   .   b - +0 leather armour
rPois   inf        Reflect  .   (no helmet)
rElec   +          Harm     .   (no cloak)
rCorr   .          Rampage  .   (no gloves)
Will    .....                   (no boots)
Stlth   +++.......              (no amulet)
HPRegen 0.09/turn               (no ring)
MPRegen 0.09/turn               (no ring)

@: no status effects
A: sickness immunity, AC +3, negative energy resistance 1, electricity
resistance, torment resistance 1, petrification resistance
a: no special abilities


You were on level 5 of the Dungeon.
You visited 1 branch of the dungeon, and saw 1 of its levels.


Innate Abilities, Weirdness & Mutations

You are immune to sickness and miasma.
Your stone body is resilient. (AC +3)
You are immune to poison.
You resist negative energy. (rN+)
You are resistant to electric shocks. (rElec)
You are resistant to unholy torment.
You are immune to petrification.


   Skills:
 - Level 3.2 Fighting
 + Level 4.3 Axes
 - Level 1.5 Dodging
 - Level 5.4 Stealth


You had 3 spell levels left.
You didn't know any spells.
Your spell library was empty.

Inventory:

Hand Weapons
 a - a +0 hand axe (weapon)
Armour
 b - a +0 leather armour (worn)
Wands
 g - a wand of digging (3)
Scrolls
 c - a scroll of fog
 d - a scroll of magic mapping
 e - a scroll of fear
 h - a scroll of teleportation {unknown}
Potions
 f - a potion of haste

Dungeon Overview and Level Annotations

Branches:
Dungeon (5/15)
 Temple: D:4-7

Altars:


Message History

The ice beast hits you but does no damage.
You slash the ice beast!
The ice beast is severely wounded.
The ice beast misses you. The ice beast hits you. The ice beast freezes you!
Ouch! That really hurt!
You hit the ice beast.
The ice beast is almost dead.
The ice beast barely misses you.
You hit the ice beast.
You kill the ice beast!
Your Axes skill gained 3 levels and is now at level 4!
You have reached level 2!
You have reached level 3!
Your experience leads to an increase in your attributes!
Increase (S)trength, (I)ntelligence, or (D)exterity?
You feel stronger. x2; You have reached level 4!
You feel clever.
A gnoll comes into view. It is wielding a +0 club.
A gnoll sergeant and a gnoll come into view.
The dart slug bites you.
You hit the dart slug.
The dart slug is heavily wounded.
You hit the dart slug.
You kill the dart slug!
The gnoll shouts!
A gnoll comes into view. It is wielding a +0 whip.
A gnoll comes into view. It is wielding a +0 spear.
20 ||| Stepping ~*~*~tactically~*~*~ (stealth).
The gnoll shouts!
You hear a shout!
A gnoll comes into view. It is wielding a +0 spear.
The gnoll sergeant shouts!
You hit the gnoll.
The gnoll is lightly wounded.
The gnoll closely misses you.
You hit the gnoll.
The gnoll is moderately wounded.
The gnoll hits you with a +0 club.
You hit the gnoll.
The gnoll is heavily wounded.
You hit the gnoll. The gnoll hits you with a +0 club.
You die...

.... .#.# ..g####
###g....##
###........##
.......g....##
#....gg.....#
#.....@...#
####.........##.###
#.................)
#..........####...#
##..........###.....
...................
#..........###...
#..........# #
#.....>....#


You could see a gnoll sergeant and 4 gnolls.

Vanquished Creatures
  An ice beast (D:5)
  A dart slug (D:5)
2 creatures vanquished.

Notes
Turn   | Place    | Note
-------+----------+-------------------------------------------
     0 | D:5      | qw the Gargoyle Delver began the quest for the Orb.
     0 | D:5      | Reached XP level 1. HP: 14/14 MP: 1/1
     0 | D:5      | 0 ||| qw: Version: 0.1-a-116-g5d60599
     0 | D:5      | 0 ||| qw: Game counter: 7946
     0 | D:5      | 0 ||| qw: Always use a shield: true
     0 | D:5      | 0 ||| qw: God list: Okawaru
     0 | D:5      | 0 ||| qw: Allow faded altars: false
     0 | D:5      | 0 ||| qw: Do Orc after D:15 true
     0 | D:5      | 0 ||| qw: Do second Lair branch before Depths: true
     0 | D:5      | 0 ||| qw: Lair rune preference: random
     0 | D:5      | 0 ||| qw: Plans: Normal
     0 | D:5      | 0 ||| PLANNING D:1-11
     5 | D:5      | Noticed an ice beast
    13 | D:5      | HP: 3/14 [ice beast (9)]
    15 | D:5      | Killed an ice beast
    16 | D:5      | Reached XP level 2. HP: 4/19 MP: 2/2
    16 | D:5      | Reached XP level 3. HP: 6/23 MP: 3/3
    16 | D:5      | Reached XP level 4. HP: 7/28 MP: 4/4
    17 | D:5      | Noticed a gnoll sergeant
    20 | D:5      | 20 ||| Stepping ~*~*~tactically~*~*~ (stealth).
    26 | D:5      | HP: 2/28 [gnoll/+0 club[a gnoll sergeant] (4)]
    27 | D:5      | Slain by a gnoll

Levels and vault maps discovered:
D:5:      layout_rooms, nicolae_wu_jian_glorious_leap

Skill      XL: |  1 |
---------------+----+-----
Axes           | 4 |  4.3
Fighting       | |  3.2
Dodging        | |  1.5
Stealth        | |  5.4

Action                   |  1- 3 |  4- 6 || total
-------------------------+-------+-------++-------
Melee: Hand axe          |     7 |     5 ||    12
Armor: Leather armour    |     3 |       ||     3
Dodge: Dodged            |     3 |     1 ||     4

Table legend:
 A = Non-vault XP
 B = Vault XP
 C = Vault XP percentage of total XP
 D = Non-vault monster count
 E = Vault monster count
 F = Vault count percentage of total count
                 A         B        C        D         E       F
            +---------+---------+-------+---------+---------+-------
      Total |     137 |       0 |   0.0 |       2 |       0 |   0.0
            +---------+---------+-------+---------+---------+-------
        D:5 |     137 |       0 |   0.0 |       2 |       0 |   0.0
            +---------+---------+-------+---------+---------+-------
